AoeStats
← miguelon01

Arena

508319090Analyzed
4v4 RM · 10d ago on Sep 21, 2026· 20m 30s· 8 players
Game mode
Random Map
Map size
Large (8 player)
Population
200
Speed
Normal
Resources
Standard
Victory
Conquest
Starting age
Dark Age
Ending age
Imperial Age
RankedLock teamsTeams togetherTeam positionsShared explorationLock speedFull tech treeHidden civsTurbo modeCheats
Victory
Defeat
🇨🇱 Cumans · Chile
1303
+10
🇨🇱 Poles · Chile
1083
+19
🇨🇱 Armenians · Chile
1078
+20
🇨🇱 Franks · Chile
995
+23
🇧🇷 Malay · Brazil
1175
-19
🇦🇱 Turks · Albania
1155
-18
🇮🇹 Cumans · Italy
1150
-18
🇺🇸 Romans · United States
1138
-17
BigOleChunguss
8:53 Loom
11:11 Feudal Age
15:42 Castle Age
insaneBestar
12:12 Feudal Age
13:35 Horse Collar
13:44 Double-Bit Axe
16:29 Castle Age
21:22 Imperial Age
Tikka Masala
9:35 Feudal Age
12:06 Horse Collar
12:16 Double-Bit Axe
15:26 Loom
20:34 Castle Age
18:59 Scale Barding Armor
19:47 Wheelbarrow
19:50 Bloodlines
miguelon01
12:19 Feudal Age
16:49 Castle Age
15:33 Double-Bit Axe
15:49 Stone Mining
17:20 Horse Collar
17:40 Loom
19:24 Gold Mining
Catamenio
9:24 Feudal Age
9:25 Man-at-Arms
10:21 Long Swordsman
11:19 Scale Mail Armor
15:18 Double-Bit Axe
16:40 Horse Collar
18:13 Forging
19:16 Wheelbarrow
Bomboroyo
1:54 Loom
7:53 Loom
10:04 Feudal Age
14:40 Scale Barding Armor
14:45 Forging
16:45 Forging
Elmaikel_
11:16 Feudal Age
12:48 Double-Bit Axe
13:04 Horse Collar
17:38 Castle Age
16:58 Stone Mining
17:15 Arson
17:31 Gold Mining
20:18 Wheelbarrow
19:47 Scale Mail Armor
20:02 Bow Saw
20:18 Heavy Plow
Chanuz
2:20 Loom
9:23 Feudal Age
10:40 Double-Bit Axe
19:12 Horse Collar
Connection lost

Rejoining the realm…

Still unreachable

The connection could not be restored.

Session expired

The server has moved on; the page needs a fresh start.